AoeStats
← ISRAEL AKBAR

Arena

506210189Analyzed
2v2 RM · 19d ago on Sep 12, 2026· 57m 22s· 4 players
Game mode
Random Map
Map size
Medium (4 player)
Population
200
Speed
Normal
Resources
Standard
Victory
Conquest
Starting age
Dark Age
Ending age
Imperial Age
RankedLock teamsTeams togetherTeam positionsShared explorationLock speedFull tech treeHidden civsTurbo modeCheats
Victory
Defeat
🇨🇴 Vietnamese · Colombia
731
+9
🇫🇷 Spanish · France
637
+12
🇸🇪 Britons · Sweden
575
-11
🇸🇪 Malay · Sweden
550
-10
Rob1
10:53 Feudal Age
11:18 Double-Bit Axe
11:15 Horse Collar
12:27 Gold Mining
13:09 Stone Mining
20:08 Castle Age
18:34 Padded Archer Armor
21:04 Bow Saw
20:56 Heavy Plow
21:36 Stone Shaft Mining
24:12 Fletching
31:16 Leather Archer Armor
42:56 Imperial Age
40:54 Bodkin Arrow
41:06 Scale Barding Armor
43:21 Ballistics
45:10 Chemistry
45:03 Ring Archer Armor
44:33 Bracer
45:44 Two-Man Saw
44:56 Elite Conquistador
Sraki0
0:27 Loom
10:11 Feudal Age
10:38 Double-Bit Axe
10:51 Horse Collar
14:15 Gold Mining
16:04 Wheelbarrow
20:39 Castle Age
19:06 Fletching
19:13 Stone Mining
21:08 Padded Archer Armor
21:26 Thumb Ring
21:27 Heavy Plow
21:40 Bow Saw
22:10 Stone Shaft Mining
21:21 Crossbowman
25:13 Hand Cart
26:49 Ballistics
27:08 Bodkin Arrow
31:27 Imperial Age
31:00 Murder Holes
31:07 Town Watch
32:09 Bracer
33:08 Paper Money
32:19 Elite Skirmisher
33:25 Imperial Skirmisher
34:22 Leather Archer Armor
35:34 Elite Rattan Archer
37:35 Chemistry
41:27 Siege Engineers
43:53 Forging
44:13 Ring Archer Armor
44:58 Chatras
46:26 Elite Battle Elephant
47:08 Husbandry
47:19 Bloodlines
48:42 Scale Barding Armor
49:13 Iron Casting
52:25 Chain Barding Armor
53:58 Town Patrol
ISRAEL AKBAR
11:38 Feudal Age
16:05 Castle Age
16:22 Double-Bit Axe
19:52 Horse Collar
21:52 Heavy Plow
23:09 Bow Saw
23:32 Gold Mining
26:06 Stone Mining
28:50 Imperial Age
27:16 Gold Shaft Mining
26:06 Man-at-Arms
26:10 Pikeman
27:04 Forging
27:54 Wheelbarrow
27:57 Stone Shaft Mining
27:17 Long Swordsman
28:03 Squires
30:08 Crop Rotation
29:49 Two-Handed Swordsman
30:41 Capped Ram
32:23 Iron Casting
31:54 Scale Barding Armor
33:01 Hand Cart
33:14 Elite Skirmisher
33:53 Halberdier
41:31 Conscription
41:13 Forced Levy
40:36 Elite Karambit Warrior
49:44 Ballistics
50:27 Chemistry
50:37 Blast Furnace
49:29 Fletching
49:40 Padded Archer Armor
56:45 Murder Holes
Ponta
12:01 Feudal Age
12:29 Horse Collar
12:37 Double-Bit Axe
20:32 Castle Age
19:01 Padded Archer Armor
18:52 Fletching
19:04 Scale Mail Armor
22:58 Bow Saw
22:52 Heavy Plow
22:50 Elite Skirmisher
22:57 Crossbowman
28:05 Leather Archer Armor
29:13 Elite Skirmisher
31:34 Ballistics
31:42 Bodkin Arrow
36:20 Fortified Wall
39:26 Imperial Age
43:40 Two-Man Saw
52:49 Caravan
Connection lost

Rejoining the realm…

Still unreachable

The connection could not be restored.

Session expired

The server has moved on; the page needs a fresh start.